 Dungeon Crawl Stone Soup version 0.29.0-15-g675c0067aa (webtiles) character file.

Game seed: 15660280085857588813

372882 DoubleLucky the Devastator (level 21, -3/160 (174) HPs)
             Began as a Grey Draconian Fire Elementalist on Sept 11, 2022.
             Was the Champion of Vehumet.
             Killed from afar by a hell knight (22 damage)
             ... with a bolt of fire
             ... on level 3 of the Depths on Sept 12, 2022.
             The game lasted 09:38:00 (79348 turns).

DoubleLucky the Devastator (DrFE)                  Turns: 79348, Time: 09:38:01

HP:   -3/160 (174)  AC: 15    Str: 16    XL:     21   Next: 73%
MP:   8/42          EV: 10    Int: 20    God:    Vehumet [******]
Gold: 2532          SH: 14    Dex: 10    Spells: 0/54 levels left

rFire   . . .      SeeInvis +   M - staff of poison
rCold   + + +      Faith    .   R - +4 kite shield
rNeg    . . .      Spirit   .   (body armour unavailable)
rPois   +          Reflect  .   t - +2 hat
rElec   +          Harm     .   u - scarf {repulsion}
rCorr   .          Rampage  .   J - +1 pair of gloves of the Bashing Gods {+Blink}
Will    +++..                   k - +2 pair of boots
Stlth   ++........              o - amulet of Ullexkeff {RegenMP rC+++ Int-4 Dex-3 SInv}
HPRegen 0.36/turn               B - ring of willpower
MPRegen 0.68/turn               T - ring of Liemuiri {Fly rElec Will+ SInv}

@: swift, corroded, on blink cooldown, flying, drained, repel missiles, very
quick
A: AC +16, amphibious, unfitting armour, cold-blooded, clever 1, strong 1
}: 2/15 runes: barnacled, gossamer
a: Renounce Religion, Evoke Blink


You were on level 3 of the Depths.
You worshipped Vehumet.
Vehumet was exalted by your worship.
You visited 7 branches of the dungeon, and saw 38 of its levels.

You collected 4976 gold pieces.
You spent 2444 gold pieces at shops.

Inventory:

Missiles
 G - 5 throwing nets
Armour
 k - a +2 pair of boots (worn)
 t - a +2 hat (worn)
 u - a scarf of repulsion (worn)
 J - the +1 pair of gloves of the Bashing Gods (worn) {+Blink}
   (You acquired it on level 8 of the Dungeon)

   +Blink:    It lets you blink.
 R - a +4 kite shield (worn)
Magical Staves
 M - a staff of poison (weapon)
Jewellery
 f - a +4 ring of protection
 o - the amulet of Ullexkeff (around neck) {RegenMP rC+++ Int-4 Dex-3 SInv}
   (You acquired it on level 4 of the Spider Nest)

   [amulet of magic regeneration]

   It increases your rate of magic regeneration.
   Int:       It affects your intelligence (-4).
   Dex:       It affects your dexterity (-3).
   rC:        It renders you almost immune to cold.
   SInv:      It lets you see invisible.
 x - a ring of fire
 B - a ring of willpower (left hand)
 S - a ring of resist corrosion
 T - the ring of Liemuiri (right hand) {Fly rElec Will+ SInv}
   (You bought it in a shop on level 2 of the Dungeon)

   [ring of flight]

   rElec:     It insulates you from electricity.
   SInv:      It lets you see invisible.
   Fly:       It grants you flight.
   Will:      It increases your willpower.
 X - an amulet of reflection
 Y - the ring "Jaseulagi" {Ice Drain Will+ Str+3 Dex+4}
   (You took it off a deep elf death mage on level 2 of the Depths)

   [ring of ice]

   It enhances your ice magic.
   Str:       It affects your strength (+3).
   Dex:       It affects your dexterity (+4).
   rF:        It makes you vulnerable to fire.
   rC:        It protects you from cold.
   Drain:     It drains your maximum health when unequipped.
   Will:      It increases your willpower.
Wands
 y - a wand of digging (10)
 C - a wand of roots (9)
 H - a wand of mindburst (19)
 I - a wand of charming (38)
 K - a wand of flame (10)
 Q - a wand of polymorph (12)
 Z - a wand of acid (8)
Scrolls
 d - 4 scrolls of fear (quivered)
 e - 4 scrolls of poison
 h - 19 scrolls of teleportation
 q - 9 scrolls of vulnerability
 s - 10 scrolls of immolation
 w - 5 scrolls of enchant weapon
 E - 8 scrolls of fog
 N - 5 scrolls of silence
 O - 7 scrolls of amnesia
 P - 3 scrolls of brand weapon
 U - 5 scrolls of magic mapping
Potions
 a - a potion of ambrosia
 b - 5 potions of mutation
 i - 5 potions of cancellation
 j - a potion of invisibility
 r - 18 potions of curing
 v - a potion of brilliance
 z - 2 potions of haste
 A - 10 potions of attraction
 F - 7 potions of might
 L - a potion of resistance
 V - 2 potions of lignification
 W - 5 potions of berserk rage
Miscellaneous
 c - a condenser vane
 g - a lightning rod (4/4)
 m - a box of beasts


   Skills:
 - Level 12.0 Fighting
 - Level 1.7 Dodging
 - Level 1.7 Stealth
 - Level 10.0 Shields
 + Level 17.1 Spellcasting
 - Level 18.0 Conjurations
 - Level 12.7 Summonings
 - Level 11.0 Transmutations
 - Level 10.0 Fire Magic
 - Level 7.0 Air Magic
 - Level 16.1 Earth Magic
 - Level 12.0 Poison Magic
 - Level 10.0 Evocations


You couldn't memorise any spells.
You knew the following spells:

 Your Spells              Type           Power      Damage    Failure   Level
a - Foxfire               Conj/Fire      100%       2x1d9     0%          1
b - Scorch                Fire           100%       2d10      1%          2
c - Inner Flame           Hex/Fire       37%        N/A       1%          3
d - Olgreb's Toxic Radia  Pois           78%        N/A       1%          4
e - Irradiate             Conj/Tmut      33%        3d22      1%          5
f - Orb of Destruction    Conj           36%        9d11      1%          7
g - Lehudib's Crystal Sp  Conj/Erth      35%        10d9      12%         8
h - Iron Shot             Conj/Erth      35%        9d7       1%          6
i - Mephitic Cloud        Conj/Pois/Air  79%        N/A       1%          3
j - Swiftness             Air            45%        N/A       1%          3
k - Spellforged Servitor  Conj/Summ      34%        N/A       3%          7
l - Ignite Poison         Fire/Tmut/Pois 75%        N/A       1%          3
m - Passwall              Tmut/Erth      53%        N/A       1%          2

Your spell library contained the following spells:

 Spells                   Type           Power      Damage    Failure   Level
 Maxwell's Capacitive Co  Air            22%        ∞         99%         8
 Fire Storm               Conj/Fire      32%        8d8       99%         9
 Chain Lightning          Conj/Air       30%        3d40      100%        9
 Magic Dart               Conj           100%       1d8       0%          1
 Sandblast                Erth           100%       2d20      0%          1
 Searing Ray              Conj           100%       2d8       0%          2
 Stone Arrow              Conj/Erth      100%       3d13      0%          3
 Shock                    Conj/Air       100%       1d9       1%          1
 Poisonous Vapours        Pois/Air       100%       N/A       1%          2
 Conjure Flame            Conj/Fire      65%        6-21      1%          3
 Airstrike                Air            22%        2d(4-20)  1%          4
 Flame Wave               Conj/Fire      65%        2d15      1%          4
 Fulminant Prism          Conj/Hex       26%        3d14      1%          4
 Hailstorm                Conj/Ice       52%        3d12      1%          4
 Sticky Flame             Conj/Fire      65%        2d8       1%          4
 Summon Lightning Spire   Summ/Air       54%        N/A       1%          4
 Iskenderun's Battlesphe  Conj           73%        2d12      1%          5
 Lee's Rapid Deconstruct  Erth           34%        3d18*     1%          5
 Lightning Bolt           Conj/Air       30%        1d47      1%          5
 Freeze                   Ice            68%        1d8       2%          1
 Leda's Liquefaction      Hex/Erth       24%        N/A       2%          4
 Blade Hands              Tmut           28%        N/A       2%          5
 Eringya's Noxious Bog    Tmut/Pois      38%        N/A       2%          6
 Statue Form              Tmut/Erth      42%        N/A       4%          6
 Corpse Rot               Necr/Pois/Air  59%        N/A       5%          4
 Summon Ice Beast         Ice/Summ       42%        N/A       5%          4
 Frozen Ramparts          Ice            34%        1d6       6%          3
 Yara's Violent Unravell  Hex/Tmut       19%        3d9       6%          5
 Summon Cactus Giant      Summ           31%        N/A       6%          6
 Necrotise                Necr           68%        1d7       8%          1
 Ice Form                 Ice/Tmut       39%        N/A       8%          4
 Ensorcelled Hibernation  Hex/Ice        34%        N/A       11%         2
 Summon Forest            Summ/Tloc      21%        N/A       14%         5
 Summon Mana Viper        Hex/Summ       42%        N/A       14%         5
 Confusing Touch          Hex            17%        N/A       22%         3
 Gell's Gravitas          Tloc           17%        N/A       22%         3
 Ozocubu's Armour         Ice            17%        N/A       22%         3
 Portal Projectile        Hex/Tloc       34%        N/A       22%         3
 Teleport Other           Tloc           17%        N/A       22%         3
 Tukima's Dance           Hex            17%        N/A       22%         3
 Vampiric Draining        Necr           17%        2d7       22%         3
 Summon Hydra             Summ           31%        N/A       32%         7
 Dragon Form              Tmut           28%        N/A       54%         7
 Cause Fear               Hex            8%         N/A       58%         4
 Dispel Undead            Necr           17%        3d10      58%         4
 Ignition                 Fire           27%        3d9       86%         8
 Agony                    Necr           17%        N/A       90%         5
 Haunt                    Necr/Summ      21%        N/A       99%         7
 Death Channel            Necr           8%         N/A       100%        6
 Dispersal                Tloc           8%         N/A       100%        6
 Simulacrum               Ice/Necr       8%         N/A       100%        6
 Enfeeble                 Hex            8%         N/A       100%        7
 Ozocubu's Refrigeration  Ice            8%         4d9       100%        7
 Dragon's Call            Summ           31%        N/A       100%        9


Dungeon Overview and Level Annotations

Branches:
Dungeon (15/15)            Temple (0/1) D:7            Lair (5/5) D:8
 Shoals (4/4) Lair:2       Spider (4/4) Lair:3        Slime (0/5) Lair:5
    Orc (2/2) D:11            Elf (0/3) Orc:2        Vaults (4/5) D:14
  Crypt (0/3) Vaults:2     Depths (4/4) D:15
    Zot: Depths:4

Altars:
Ashenzari
Cheibriados
Dithmenos
Elyvilon
Fedhas
Gozag
Kikubaaqudgha
Nemelex Xobeh
Okawaru
Qazlal
Ru
Trog
Vehumet
Wu Jian
Xom
Yredelemnul
Zin
The Shining One
Jiyva

Shops:
D:2 =   D:6 *(   D:8 (   Orc:2 ?!:*   Vaults:2 !   Vaults:4 ?

Portals:
Hell: Depths:1 Depths:2 Depths:3 Depths:4
Abyss: Depths:1 Depths:3
Pandemonium: Depths:2
Ziggurat: Depths:2

Annotations:
D:10 exclusion: orange crystal statue
D:15 3 runed translucent doors, brae's ghost, adept HuBe
Lair:4 2 transporters, exclusion: downstairs
Shoals:3 1 runed translucent door, Ijustatesigmund's ghost, adept HOFi
Spider:1 2 exclusions, Jorgrun
Spider:3 exclusion: downstairs
Vaults:1 1 runed translucent door, royokou's ghost, veteran MiFi
Vaults:3 2 transporters, corvin's ghost, veteran TrBe
Depths:1 exclusion: downstairs


Innate Abilities, Weirdness & Mutations

Your dull iron-grey scales are very hard. (AC +16)
You are amphibious.
You cannot fit into any form of body armour.
You are cold-blooded and may be slowed by cold attacks.
Your mind is acute. (Int +4, Str/Dex -1)
Your muscles are strong. (Str +4, Int/Dex -1)


Message History

A necromancer simulacrum comes into view.
The necromancer mumbles some strange words.
The necromancer binds the souls of nearby monsters.
The yellow draconian spits acid at you. The glob of acid misses you.
The hell knight invokes the aid of its god against you.
The bolt of fire hits you!!
The hell knight looks more healthy.
There is a stone staircase leading up here.
The yellow draconian spits acid at you. The glob of acid hits you!!
The acid corrodes you!
The hell knight hits you with a +4 battleaxe of draining!!
* * * LOW HITPOINT WARNING * * *
You feel drained.
* * * LOW HITPOINT WARNING * * *
You fly upwards.
There is a stone staircase leading down here.
You blink.
Casting: Swiftness (safe; 1% risk of failure)
Confirm with . or Enter, or press ? or * to list all spells.
You summon a servant imbued with your destructive magic!
The hell knight hits you with a +4 battleaxe of draining.
* * * LOW HITPOINT WARNING * * *
You feel drained.
The hell knight hits your spellforged servitor with a +4 battleaxe of draining.
Casting: Spellforged Servitor (dangerous; 3% risk of failure)
Confirm with . or Enter, or press ? or * to list all spells.
Aiming: Iron Shot (mildly dangerous; 1% risk of failure)
Press: ? - help, Shift-Dir - straight line, f - hell knight
Aim: a hell knight, wielding a +4 battleaxe of draining and wearing a +0 chain mail (lightly wounded, fast, soul bound, ally target, 81% to hit)
The iron shot hits the hell knight!!!
The hell knight is severely wounded.
The hell knight hits you with a +4 battleaxe of draining!
* * * LOW HITPOINT WARNING * * *
You feel drained.
* * * LOW HITPOINT WARNING * * *
The hell knight barely misses your spellforged servitor.
The hell knight mumbles some strange prayers to its god against you.
The bolt of fire hits you!!
You die...

..............#.###..## #......'
..............#.# ###.## #[.....#
#......###'####### ##.####'#....
#.~~~~.###.# ##.## ##.^...#....
))~≈≈~.#...####...## #.#####....
#[~~≈~.'....##..#..####.# #....
#.~~~~[#.####§9###..'.#.# #....
#......#.# ###.p#..##...# #....
###'####.###.##.@.#####.#####....
#...##...'..##.## #.....'....
###......#...### #######....
#.####.#.....# #.)..
#.####'#.....# #....
#####.#...###'#### #....
......'..##.....## #....
#####.#..#...#:..# ##....
#'#.##.#...#.## ##.....


You could see a hell knight (fast, soul bound, ally target) and a friendly
spellforged servitor (summoned).

Vanquished Creatures
  An ancient lich (Depths:2)
  A juggernaut (Depths:3)
  Saint Roka (Depths:3)
  2 caustic shrikes (Depths:3)
  2 golden dragons (Depths:3)
  Nikola (Vaults:1)
  Rupert (Spider:1)
  A tentacled monstrosity (Depths:3)
  A walking crystal tome (Depths:3)
  3 liches
  A titan (Depths:2)
  A quicksilver dragon (Depths:2)
  2 sphinxes
  A shadow dragon (Depths:3)
  3 tengu reavers
  A storm dragon (Depths:3)
  4 fire giants
  An emperor scorpion (Spider:4)
  7 frost giants
  Aizul (Shoals:1)
  A balrug (Depths:2)
  11 vault wardens
  Louise (D:15)
  4 spectral caustic shrikes (Depths:3)
  11 ironbound preservers
  7 ghost moths
  8 stone giants
  4 broodmothers
  17 very ugly things
  3 ironbound thunderhulks
  3 vampire knights (Depths:2)
  Nessos (D:13)
  A yellow draconian (Depths:4)
  A purple draconian (Depths:4)
  6 spark wasps
  A black draconian (Depths:4)
  6 entropy weavers
  A red draconian (Depths:4)
  3 minotaurs (Shoals:4)
  5 dire elephants
  7 ettins
  7 merfolk impalers
  A deep elf death mage (Depths:2)
  A merfolk javelineer (Shoals:4)
  4 vault guards
  Josephine (D:15)
  3 great orbs of eyes
  3 rakshasas
  2 fire dragons (Depths:2)
  7 hydras
  5 ice dragons
  12 yaktaur captains
  3 merfolk avatars
  3 alligator snapping turtles
  2 jorogumos (Spider:3)
  10 boulder beetles
  An ogre mage (D:15)
  20 centaur warriors
  A radroach (Spider:2)
  8 two-headed ogres
  8 ironbound frosthearts
  An anaconda (Lair:5)
  A death knight (D:14)
  4 catoblepae
  2 dancing weapons
  2 merfolk aquamancers (Shoals:4)
  4 deep troll shamans
  13 satyrs
  A death scarab (Spider:4)
  5 death yaks (Lair:5)
  4 tengu warriors
  4 deep troll earth magi
  3 large abominations (Depths:3)
  An orc high priest (Orc:2)
  4 soul eaters
  A spriggan berserker (Depths:3)
  3 vampire magi (Depths:2)
  3 hell knights
  A sun demon (Depths:2)
  A fire crab (shapeshifter) (D:15)
  A shadow wraith (Depths:2)
  5 pharaoh ants
  6 steelbarb worms
  9 skeletal warriors
  4 iron trolls
  A sun moth (Spider:2)
  15 sea snakes
  3 glowing orange brains
  3 flayed ghosts
  40 deep trolls
  11 orb spiders
  9 lindwurms
  13 ironbound convokers
  A golden dragon skeleton (Depths:2)
  9 wizards
  22 wolf spiders
  2 phantasmal warriors
  3 necromancers
  5 orc knights
  33 ugly things
  2 deep elf pyromancers
  24 harpies
  An oklob plant (Lair:5)
  18 manticores
  3 orc sorcerers
  19 fauns
  31 elephants
  A naga mage (D:15)
  7 merfolk sirens
  3 cyclopes
  A guardian serpent (Depths:1)
  3 moths of wrath
  2 black mambas (Lair:5)
  13 vault sentinels
  Joseph (D:9)
  4 torpor snails
  6 cane toads
  9 water nymphs
  A smoke demon (Depths:2)
  A centaur skeleton (D:15)
  2 gargoyles
  A kobold demonologist (D:10)
  7 unseen horrors (Depths:3)
  7 demonic crawlers
  8 rime drakes
  Psyche (D:11)
  3 komodo dragons
  2 ice devils
  A tengu conjurer (Depths:2)
  18 yaktaurs
  A polar bear (Lair:5)
  2 red devils (D:9)
  29 merfolk
  5 trolls
  4 meliai
  3 hornets
  A meliai (shapeshifter) (D:15)
  25 tarantellas
  22 slime creatures
  17 blink frogs
  4 tyrant leeches (Spider:2)
  2 wolf spider simulacra (D:15)
  A meliai zombie (D:15)
  8 wind drakes
  7 snapping turtles
  13 dream sheep
  7 wraiths
  Sigmund (D:4)
  31 jumping spiders
  16 water elementals
  4 wyverns
  23 culicivoras
  A shadow (D:12)
  40 yaks
  5 basilisks
  A chaos spawn (D:9)
  53 redbacks
  7 vampire mosquitoes
  Grum (D:9)
  7 wargs
  11 water moccasins
  36 orc warriors
  A sky beast (D:7)
  3 ice beasts
  11 ogres
  15 wolves
  6 black bears
  15 centaurs
  2 phantoms (D:5)
  A kobold brigand (D:7)
  12 bullfrogs
  A gnoll sergeant (D:10)
  A necrophage (D:7)
  4 scorpions
  4 wights (D:7)
  15 killer bees
  5 howler monkeys
  6 quasits
  A jelly (D:6)
  17 orc priests
  A gnoll bouda (D:8)
  2 hounds
  Jessica (D:2)
  5 iguanas
  6 orc wizards
  The ghost of NoOffense the Changer, a weakling SpTm of Uskayaw (D:7)
  17 gnolls
  6 adders
  2 shadow imps
  2 white imps (D:7)
  3 ufetubi
  A worm (D:2)
  6 dart slugs
  70 orcs
  9 ball pythons
  9 bats
  2 endoplasms
  3 giant cockroaches
  8 goblins
  8 hobgoblins
  9 jackals
  11 kobolds
  3 quokkas
  4 frilled lizards
  5 rats
  A butterfly (Lair:1)
  A foxfire (D:14)
  10 fulminant prisms
1407 creatures vanquished.

Vanquished Creatures (collateral kills)
  A tentacled monstrosity (Depths:3)
  A lich (Depths:4)
  A quicksilver dragon (Depths:3)
  A shadow dragon (Depths:3)
  A tengu reaver (Depths:3)
  A spectral caustic shrike (Depths:3)
  A frost giant (Depths:3)
  A stone giant (Depths:4)
  A very ugly thing (Depths:3)
  A green draconian (Depths:4)
  A vampire knight (Depths:3)
  3 purple draconians (Depths:4)
  3 fire dragons (Depths:3)
  An ettin (Depths:3)
  3 ice dragons (Depths:3)
  A hydra (shapeshifter) (Depths:3)
  2 rakshasas (Depths:3)
  A spriggan air mage (Depths:3)
  2 tengu warriors (Depths:3)
  2 deep troll shamans (Depths:3)
  A deep troll earth mage (Depths:3)
  4 hell knights (Depths:4)
  3 iron trolls (Depths:3)
  3 deep trolls (Depths:3)
  A glowing orange brain (Depths:4)
  3 necromancers (Depths:4)
  A large abomination (Depths:3)
  3 small abominations (Depths:3)
  A chaos spawn (Depths:3)
  A warg (Depths:3)
  16 foxfires
66 creatures vanquished.

Vanquished Creatures (others)
  An ironbound frostheart (Vaults:1)
  2 deep troll earth magi (Depths:3)
  A water nymph (Shoals:4)
  An orc (D:3)
  5 demonic plants (D:9)
  2869 foxfires
  202 fulminant prisms
  18 fungi
  169 plants
3268 creatures vanquished.

Grand Total: 4741 creatures vanquished

Notes
Turn   | Place    | Note
-------+----------+-------------------------------------------
     0 | D:1      | DoubleLucky the Draconian Fire Elementalist began the quest
                  | for the Orb.
     0 | D:1      | Reached XP level 1. HP: 14/14 MP: 3/3
   291 | D:1      | Reached skill level 2 in Conjurations
   312 | D:1      | Reached XP level 2. HP: 17/20 MP: 3/5
  1419 | D:2      | Reached skill level 3 in Conjurations
  1419 | D:2      | Reached XP level 3. HP: 26/26 MP: 1/6
  1422 | D:2      | Learned a level 2 spell: Scorch
  1760 | D:2      | Found Hus Qio's Jewellery Shoppe.
  1791 | D:2      | Noticed Jessica
  2720 | D:3      | Reached XP level 4. HP: 24/33 MP: 0/8
  2982 | D:3      | Found a shimmering altar of Xom.
  3273 | D:3      | Found a blossoming altar of Fedhas.
  3289 | D:3      | Found a stormy altar of Qazlal.
  3613 | D:3      | Reached XP level 5. HP: 30/38 MP: 9/11
  3846 | D:4      | Found a shadowy altar of Dithmenos.
  4184 | D:4      | Found a glowing golden altar of the Shining One.
  4376 | D:4      | Found a glowing silver altar of Zin.
  4832 | D:4      | Reached skill level 5 in Spellcasting
  4962 | D:4      | Reached XP level 6. HP: 45/45 MP: 6/13
  4974 | D:4      | You fall into a shaft and drop 2 floors!
  5075 | D:6      | Learned a level 3 spell: Inner Flame
  5081 | D:6      | Found the +4 robe of Augmentation {Str+4 Int+4 Dex+4}
  5128 | D:5      | Entered Level 5 of the Dungeon
  5219 | D:4      | Your scales start taking on a dull iron-grey colour.
  5219 | D:4      | Reached XP level 7. HP: 49/50 MP: 8/16
  5234 | D:4      | Noticed Sigmund
  5237 | D:4      | Killed Sigmund
  5238 | D:4      | Reached skill level 5 in Fire Magic
  5430 | D:4      | Found an opulent altar of Gozag.
  5973 | D:5      | Reached XP level 8. HP: 57/57 MP: 14/17
  6319 | D:5      | Noticed a two-headed ogre
  6333 | D:5      | Killed a two-headed ogre
  6529 | D:5      | Reached skill level 10 in Fire Magic
  6577 | D:5      | Reached XP level 9. HP: 62/62 MP: 15/18
  6683 | D:6      | Found Doryze's General Store.
  6688 | D:6      | Bought a potion of brilliance for 48 gold pieces
  6688 | D:6      | Bought a potion of might for 48 gold pieces
  6688 | D:6      | Bought a potion of curing for 36 gold pieces
  6780 | D:6      | Found an ornate altar of the Wu Jian Council.
  6780 | D:6      | Found a radiant altar of Vehumet.
  6922 | D:6      | Found Tumau's Hydra Hut.
  6949 | D:6      | Became a worshipper of Vehumet
  6980 | D:6      | Noticed a five-headed hydra
  7103 | D:6      | Found an ancient bone altar of Kikubaaqudgha.
  7113 | D:6      | Reached skill level 1 in Air Magic
  7309 | D:7      | Learned a level 3 spell: Swiftness
  7375 | D:7      | Reached skill level 1 in Fighting
  7446 | D:7      | Found a staircase to the Ecumenical Temple.
  7494 | D:7      | Found a transporter.
  7499 | D:7      | Noticed NoOffense's ghost (weakling SpTm)
  7609 | D:7      | Found a sacrificial altar of Ru.
  7622 | D:7      | Reached * piety under Vehumet
  7622 | D:7      | Offered knowledge of Sandblast by Vehumet.
  7789 | D:7      | Reached skill level 5 in Air Magic
  7845 | D:7      | Found a transporter.
  8762 | D:7      | Reached XP level 10. HP: 63/71 MP: 15/19
  8913 | D:8      | Reached ** piety under Vehumet
  8914 | D:8      | Offered knowledge of Shock by Vehumet.
  9232 | D:8      | Found a staircase to the Lair.
  9698 | D:8      | Reached skill level 5 in Fighting
  9733 | D:8      | Found a sparkling altar of Nemelex Xobeh.
  9881 | D:8      | Found a white marble altar of Elyvilon.
 10071 | D:8      | Found Gimeo's Weapon Shop.
 10190 | D:8      | Identified 3 scrolls of acquirement
 10191 | D:8      | Acquired the amulet "Etail" {Faith rElec Dex+4}
 10196 | D:8      | Acquired the +1 pair of gloves of the Bashing Gods {+Blink}
 10202 | D:8      | Acquired the Unrestrained Analects
 10206 | D:9      | Noticed a soul eater
 10316 | D:9      | Noticed Grum
 10324 | D:8      | Reached skill level 1 in Evocations
 10385 | Lair:1   | Entered Level 1 of the Lair of Beasts
 10596 | Lair:1   | Noticed a cane toad
 10601 | Lair:1   | Killed a cane toad
 10602 | Lair:1   | Reached skill level 5 in Evocations
 10607 | Lair:1   | Learned a level 4 spell: Olgreb's Toxic Radiance
 10628 | Lair:1   | Reached skill level 1 in Poison Magic
 10667 | Lair:1   | Noticed a cane toad
 10759 | Lair:1   | Killed a cane toad
 11189 | Lair:1   | Noticed a cane toad
 11214 | Lair:1   | Killed a cane toad
 11403 | Lair:1   | Noticed a torpor snail
 11413 | Lair:1   | Killed a torpor snail
 11414 | Lair:1   | Reached skill level 5 in Poison Magic
 11800 | Lair:1   | Reached XP level 11. HP: 86/86 MP: 17/20
 12153 | Lair:2   | Offered knowledge of Mephitic Cloud by Vehumet.
 12586 | Lair:2   | Noticed a seven-headed hydra
 12603 | Lair:2   | Killed a seven-headed hydra
 12669 | Lair:2   | Found a staircase to the Shoals.
 12706 | Lair:2   | Reached skill level 10 in Poison Magic
 12710 | Lair:2   | Learned a level 3 spell: Mephitic Cloud
 13064 | Lair:3   | Found a hole to the Spider Nest.
 14012 | Lair:4   | Found a transporter.
 14083 | Lair:4   | Noticed a four-headed hydra
 14085 | Lair:4   | Reached *** piety under Vehumet
 14088 | Lair:4   | Killed a four-headed hydra
 14089 | Lair:4   | Reached XP level 12. HP: 94/94 MP: 10/21
 14127 | Lair:4   | Found a transporter.
 14608 | Lair:5   | Entered Level 5 of the Lair of Beasts
 14608 | Lair:5   | Noticed a six-headed hydra
 15029 | Lair:5   | Offered knowledge of Sticky Flame by Vehumet.
 15034 | Lair:5   | Noticed an eight-headed hydra
 15524 | D:2      | Killed Jessica
 15728 | D:7      | Killed NoOffense's ghost
 16037 | D:9      | Killed Grum
 16521 | D:8      | Learned a level 4 spell: Fulminant Prism
 16633 | D:9      | Noticed Joseph
 16640 | D:9      | Killed Joseph
 16641 | D:9      | Reached skill level 4 in Conjurations
 16742 | D:9      | Reached **** piety under Vehumet
 16754 | D:9      | Reached skill level 5 in Conjurations
 17306 | D:10     | Entered Level 10 of the Dungeon
 17315 | D:10     | Reached skill level 6 in Conjurations
 17323 | D:10     | Noticed a two-headed ogre
 17330 | D:10     | Killed a two-headed ogre
 17380 | D:10     | Found a broken altar of Ashenzari.
 17911 | D:10     | Found an iron altar of Okawaru.
 17993 | D:10     | Reached skill level 7 in Conjurations
 18200 | D:10     | Found a snail-covered altar of Cheibriados.
 18442 | D:11     | Offered knowledge of Irradiate by Vehumet.
 18645 | D:11     | Reached skill level 8 in Conjurations
 18725 | D:11     | Found a staircase to the Orcish Mines.
 18838 | D:11     | Noticed Psyche
 18871 | D:11     | Killed Psyche
 18927 | D:11     | Noticed a two-headed ogre
 18931 | D:11     | Killed a two-headed ogre
 19394 | D:12     | Learned a level 5 spell: Irradiate
 19583 | D:12     | Reached skill level 9 in Conjurations
 19583 | D:12     | Reached XP level 13. HP: 99/100 MP: 24/24
 20382 | D:12     | Reached skill level 10 in Conjurations
 20528 | Orc:1    | Entered Level 1 of the Orcish Mines
 20533 | Orc:1    | Reached skill level 1 in Transmutations
 20557 | Orc:1    | Reached ***** piety under Vehumet
 20580 | Orc:1    | Offered knowledge of Conjure Ball Lightning by Vehumet.
 21123 | Orc:2    | Entered Level 2 of the Orcish Mines
 22043 | Orc:2    | Found a staircase to the Elven Halls.
 22095 | Orc:2    | Offered knowledge of Airstrike by Vehumet.
 22099 | Orc:2    | Reached skill level 5 in Transmutations
 22197 | Orc:2    | Found Yguodghei's Distillery.
 22197 | Orc:2    | Found Ynampeuh's Book Shop.
 22197 | Orc:2    | Found Soilux's General Store.
 22200 | Orc:2    | Found Sour's Magic Scroll Shoppe.
 22204 | Orc:2    | Bought a potion of haste for 120 gold pieces
 22204 | Orc:2    | Bought a potion of curing for 36 gold pieces
 22204 | Orc:2    | Bought a potion of curing for 36 gold pieces
 22207 | Orc:2    | Bought a potion of curing for 45 gold pieces
 22207 | Orc:2    | Bought a potion of brilliance for 60 gold pieces
 22207 | Orc:2    | Bought a scroll of blinking for 112 gold pieces
 22212 | Orc:2    | Bought a scroll of teleportation for 36 gold pieces
 22212 | Orc:2    | Bought 2 scrolls of fog for 96 gold pieces
 22755 | D:13     | Noticed Nessos
 22765 | D:13     | Killed Nessos
 24111 | D:14     | Reached skill level 10 in Spellcasting
 24500 | D:14     | Reached XP level 14. HP: 91/107 MP: 8/28
 25529 | D:14     | Found a gate to the Vaults.
 26217 | Spider:1 | Entered Level 1 of the Spider Nest
 26219 | Spider:1 | Noticed Rupert
 26222 | Spider:1 | Reached skill level 1 in Shields
 26222 | Spider:1 | Paralysed by Rupert for 2 turns
 26237 | Spider:1 | Killed Rupert
 26239 | Spider:1 | Gained mutation: Potions are less effective at restoring
                  | your health. [mutagenic glow]
 26726 | Spider:1 | Reached skill level 5 in Shields
 26838 | Spider:1 | Noticed Jorgrun
 27752 | Spider:2 | Offered knowledge of Iskenderun's Battlesphere by Vehumet.
 27814 | Spider:2 | Reached skill level 10 in Shields
 28233 | Spider:2 | Identified the +1 leather armour "Duashryi" {rF+ rC+ Int+3}
 28235 | Spider:2 | Identified the +5 scimitar "Wuudargh" {vamp, rF+ Will+}
 29099 | Spider:3 | Noticed a broodmother
 29446 | Spider:3 | Reached XP level 15. HP: 119/119 MP: 24/29
 30260 | Spider:3 | Reached skill level 10 in Fighting
 30968 | Spider:4 | Entered Level 4 of the Spider Nest
 31075 | Shoals:1 | Entered Level 1 of the Shoals
 31293 | D:2      | Bought the ring of Liemuiri {Fly rElec Will+ SInv} for 413
                  | gold pieces
 32737 | Shoals:1 | Noticed Aizul
 32852 | Shoals:1 | Gained mutation: You occasionally lose the ability to drink
                  | potions when taking damage. [mutagenic glow]
 32858 | Shoals:1 | Killed Aizul
 33080 | Shoals:1 | Lost mutation: Potions are less effective at restoring your
                  | health. [potion of mutation]
 33080 | Shoals:1 | Lost mutation: You occasionally lose the ability to drink
                  | potions when taking damage. [potion of mutation]
 33080 | Shoals:1 | Gained mutation: You expend magic power (3 MP) to
                  | strengthen your wands. [potion of mutation]
 33080 | Shoals:1 | Gained mutation: Your body sometimes deteriorates upon
                  | taking damage. [potion of mutation]
 33449 | Shoals:2 | Offered knowledge of Lightning Bolt by Vehumet.
 34088 | Shoals:2 | Reached skill level 10 in Transmutations
 34920 | Shoals:2 | Identified the +9 falchion of Prescription {pain, rF- rN++
                  | Dex+4 Stlth+}
 36022 | Shoals:3 | Reached XP level 16. HP: 139/139 MP: 30/30
 37436 | Shoals:3 | Found a runed translucent door.
 37437 | Shoals:3 | Noticed Ijustatesigmund's ghost (adept HOFi)
 38053 | Lair:5   | Reached skill level 11 in Conjurations
 38263 | Lair:5   | Offered knowledge of Orb of Destruction by Vehumet.
 38331 | Lair:4   | Learned a level 7 spell: Orb of Destruction
 39354 | Lair:5   | Reached ****** piety under Vehumet
 39466 | Lair:5   | Found the +4 skin of Zhor {*Englaciate rC+++ SInv}
 39550 | Lair:5   | Reached skill level 12 in Conjurations
 40049 | Lair:5   | Offered knowledge of Freezing Cloud by Vehumet.
 40373 | Lair:5   | Found a staircase to the Slime Pits.
 40374 | Lair:5   | Found a viscous altar of Jiyva.
 41009 | Shoals:4 | Entered Level 4 of the Shoals
 41654 | Shoals:4 | Reached skill level 13 in Conjurations
 42522 | Shoals:4 | Reached XP level 17. HP: 134/146 MP: 33/33
 43629 | Shoals:4 | Offered knowledge of Iron Shot by Vehumet.
 43637 | Shoals:4 | Learned a level 6 spell: Iron Shot
 43739 | Shoals:4 | Reached skill level 14 in Conjurations
 44483 | Shoals:4 | Identified the +2 robe "Ilatos" {Str+4}
 45390 | Shoals:4 | Got a barnacled rune of Zot
 46240 | Shoals:4 | Got Sif Muna's Secrets of Noxious Battling
 46913 | Orc:2    | Bought a potion of invisibility for 96 gold pieces
 46913 | Orc:2    | Bought 2 potions of invisibility for 192 gold pieces
 47904 | Spider:4 | Reached skill level 15 in Conjurations
 47922 | Spider:4 | Offered knowledge of Fire Storm by Vehumet.
 47922 | Spider:4 | Offered knowledge of Chain Lightning by Vehumet.
 47922 | Spider:4 | Offered knowledge of Maxwell's Capacitive Coupling by
                  | Vehumet.
 49925 | Spider:4 | Reached XP level 18. HP: 106/154 MP: 4/36
 51213 | Spider:4 | Got a gossamer rune of Zot
 51221 | Spider:4 | Identified the +0 hat of Beptesch {rC+}
 51224 | Spider:4 | Lost mutation: You expend magic power (3 MP) to strengthen
                  | your wands. [potion of mutation]
 51224 | Spider:4 | Lost mutation: Your body sometimes deteriorates upon taking
                  | damage. [potion of mutation]
 51224 | Spider:4 | Gained mutation: You are robust. (+10% HP) [potion of
                  | mutation]
 51224 | Spider:4 | Gained mutation: Your muscles are strong. (Str +4, Int/Dex
                  | -1) [potion of mutation]
 51224 | Spider:4 | Gained mutation: Your spells are a little harder to cast,
                  | but a little more powerful. [potion of mutation]
 51225 | Spider:4 | Lost mutation: You are robust. (+10% HP) [potion of
                  | mutation]
 51225 | Spider:4 | Lost mutation: Your muscles are strong. (Str +4, Int/Dex
                  | -1) [potion of mutation]
 51225 | Spider:4 | Lost mutation: Your spells are a little harder to cast, but
                  | a little more powerful. [potion of mutation]
 51225 | Spider:4 | Gained mutation: Your mind is acute. (Int +4, Str/Dex -1)
                  | [potion of mutation]
 51225 | Spider:4 | Gained mutation: Your muscles are strong. (Str +4, Int/Dex
                  | -1) [potion of mutation]
 51309 | Spider:4 | Acquired the amulet of Ullexkeff {RegenMP rC+++ Int-4 Dex-3
                  | SInv}
 51878 | D:15     | Entered Level 15 of the Dungeon
 51923 | D:14     | Reached skill level 15 in Spellcasting
 52109 | D:15     | Found a white marble altar of Elyvilon.
 52299 | D:15     | Found a runed translucent gate.
 52431 | D:15     | Found a runed translucent gate.
 52431 | D:15     | Found a runed translucent gate.
 52435 | D:15     | Noticed brae's ghost (adept HuBe)
 52468 | D:15     | Noticed Louise
 52474 | D:15     | Killed Louise
 52589 | D:15     | Reached skill level 16 in Conjurations
 52641 | D:15     | Noticed Josephine
 52655 | D:15     | Killed Josephine
 52973 | D:15     | Found a staircase to the Depths.
 53780 | Depths:1 | Entered Level 1 of the Depths
 53873 | Depths:1 | Found a gateway to Hell.
 55847 | Depths:1 | Found a one-way gate to the infinite horrors of the Abyss.
 56358 | Depths:1 | Identified the +2 pair of gloves "Horegi" {Fly rN+ Str-3}
 56363 | Depths:1 | Identified the +7 mace of the Tent {vorpal, rCorr Int+6}
 56675 | Vaults:1 | Entered Level 1 of the Vaults
 56742 | Vaults:1 | Noticed Nikola
 56766 | Vaults:1 | Killed Nikola
 56943 | Vaults:1 | Found a runed translucent door.
 56943 | Vaults:1 | Noticed royokou's ghost (veteran MiFi)
 57478 | Vaults:1 | Reached skill level 10 in Evocations
 57593 | Vaults:1 | Reached skill level 1 in Earth Magic
 58508 | Vaults:1 | Reached skill level 5 in Earth Magic
 58678 | Vaults:1 | Reached XP level 19. HP: 145/160 MP: 35/38
 59544 | Vaults:2 | Found Lagex's Distillery.
 59547 | Vaults:2 | Bought a potion of brilliance for 40 gold pieces
 59547 | Vaults:2 | Bought a potion of heal wounds for 50 gold pieces
 59547 | Vaults:2 | Bought a potion of curing for 30 gold pieces
 59547 | Vaults:2 | Bought a potion of invisibility for 80 gold pieces
 59547 | Vaults:2 | Bought a potion of brilliance for 40 gold pieces
 59547 | Vaults:2 | Bought a potion of curing for 30 gold pieces
 59547 | Vaults:2 | Bought a potion of heal wounds for 50 gold pieces
 59933 | Vaults:2 | Reached skill level 10 in Earth Magic
 60164 | Vaults:2 | You are sucked into a shaft and drop 2 floors!
 60610 | Vaults:4 | Found Eliokl Jacu's Magic Scroll Shoppe.
 60628 | Vaults:4 | Bought a scroll of teleportation for 60 gold pieces
 60628 | Vaults:4 | Bought a scroll of fear for 80 gold pieces
 60628 | Vaults:4 | Bought a scroll of fog for 80 gold pieces
 60628 | Vaults:4 | Bought a scroll of magic mapping for 150 gold pieces
 60628 | Vaults:4 | Bought a scroll of immolation for 80 gold pieces
 60628 | Vaults:4 | Bought a scroll of blinking for 150 gold pieces
 60628 | Vaults:4 | Bought a scroll of enchant weapon for 150 gold pieces
 64845 | Vaults:3 | Reached skill level 17 in Conjurations
 64885 | Vaults:3 | Reached XP level 20. HP: 168/168 MP: 14/40
 66152 | Vaults:3 | Found a transporter.
 66152 | Vaults:3 | Found a transporter.
 66156 | Vaults:3 | Found a bloodstained altar of Trog.
 66156 | Vaults:3 | Noticed corvin's ghost (veteran TrBe)
 66291 | Vaults:3 | Reached skill level 18 in Conjurations
 66515 | Vaults:2 | Identified the +0 leather armour of Hirukor {rPois rC-
                  | rCorr Dex+5}
 66657 | Vaults:2 | Found a staircase to the Crypt.
 66657 | Vaults:2 | Found an ancient bone altar of Kikubaaqudgha.
 66658 | Vaults:2 | Found a basalt altar of Yredelemnul.
 67546 | Vaults:2 | Reached skill level 15 in Earth Magic
 69194 | Depths:2 | Found a one-way gateway to a ziggurat.
 69800 | Depths:2 | You are sucked into a shaft and drop 1 floor!
 70001 | Depths:2 | Found a one-way gate leading to the halls of Pandemonium.
 70305 | Depths:2 | Reached skill level 1 in Summonings
 70459 | Depths:2 | Identified the +8 mace of the Red God {freeze, Str+3}
 70481 | Depths:2 | Noticed an ancient lich
 70485 | Depths:2 | Killed an ancient lich
 70811 | Depths:2 | Reached skill level 5 in Summonings
 70875 | Depths:2 | Learned a level 7 spell: Spellforged Servitor
 71002 | Depths:2 | Got the Exposition on Dark Deeds
 71377 | Depths:2 | Identified the ring "Jaseulagi" {Ice Drain Will+ Str+3
                  | Dex+4}
 72222 | Depths:2 | Identified the amulet of Cuifij {Acrobat Str+4 Dex+4}
 72646 | Depths:2 | Learned a level 3 spell: Ignite Poison
 72730 | Depths:3 | Noticed a golden dragon
 72730 | Depths:3 | Noticed Saint Roka
 72736 | Depths:3 | Noticed a caustic shrike
 72736 | Depths:3 | Noticed a juggernaut
 72736 | Depths:3 | Noticed a caustic shrike
 73121 | Depths:3 | HP: 7/160 [shadow dragon/bolt of negative energy (29)]
 73301 | Depths:3 | Killed a caustic shrike
 73540 | Depths:3 | Learned a level 2 spell: Passwall
 73826 | Depths:3 | Reached XP level 21. HP: 166/174 MP: 27/41
 73855 | Depths:3 | Identified the +5 scale mail "Sacef" {Str+7 Dex-2}
 74008 | Depths:3 | Killed a juggernaut
 74009 | Depths:3 | Reached skill level 10 in Summonings
 74217 | Depths:3 | Killed a caustic shrike
 75376 | Depths:3 | Identified the +5 sling "Ovar" {venom, rPois Str+3}
 76338 | Depths:3 | Got the Papyrus of Sepulchral Frostbite
 76574 | Depths:3 | Killed Saint Roka
 76983 | Depths:3 | Killed a golden dragon
 77714 | Depths:3 | Found a blossoming altar of Fedhas.
 77787 | Depths:3 | Noticed a golden dragon
 77792 | Depths:3 | Killed a golden dragon
 78134 | Depths:4 | Entered Level 4 of the Depths
 79142 | Depths:4 | Identified the +9 dire flail of Rubbish {vamp, rN+}
 79258 | Depths:4 | Learned a level 8 spell: Lehudib's Crystal Spear
 79348 | Depths:3 | Killed from afar by a hell knight

Illustrated notes

Levels and vault maps discovered:
D:1:      psy_arrival_radial01, layout_basic, grunt_decor_junction
D:2:      layout_basic, serial_shops, nicolae_square_shop, cheibrodos_gnoll_hut,
          uniq_jessica
D:3:      layout_basic, xom_confusion_cloud,
          grunt_temple_overflow_forces_of_nature, kennysheep_doodads,
          guppyfry_early_lair_pool
D:4:      layout_cave_pods, pdpol_temple_overflow_zin_treasury_gozag_greed,
          grunt_dithmenos_smoke_and_mirrors,
          mainiacjoe_overflow_concentric_impassable, nrook_uturn, minmay_vboxes,
          uniq_sigmund
D:5:      kennysheep_six_static_rooms, layout_basic, minmay_tree_intersection,
          chequers_serial_rivers_small_a
D:6:      layout_basic, nicolae_overflow_two_pavilions,
          mainiacjoe_overflow_cross_hatched, serial_shops,
          nicolae_shop_hallway_stairs, doesnt_shop_hydraphobe
D:7:      layout_loops_ring, nicolae_ru_great_annihilating_truth,
          minmay_temple_entry_antechambers, gammafunk_ghost_stat_death,
          kennysheep_generic_room_2
D:8:      layout_basic, mainiacjoe_overflow_surrounded_room,
          mainiacjoe_overflow_alcove_2, erik_lair_orcish_takeover,
          nicolae_take_the_stairs
D:9:      layout_rooms, serial_demonic, serial_demonic_c, serial_demonic_f,
          serial_demonic_d, serial_demonic_f, uniq_joseph, uniq_grum
D:10:     layout_roguey, kennysheep_slug_shrine, nicolae_overflow_hidden_temple,
          kennysheep_mini_moat, kennysheep_flooded_box, minivault_15
D:11:     layout_rooms, david_orc_3, uniq_psyche
D:12:     layout_stronghold, lightli_minifort
D:13:     layout_roguey, uniq_nessos
D:14:     layout_roguey, erik_vaults_1, minmay_misc_feat_more_columns,
          chequers_garden, nicolae_two_hexagons, minmay_misc_feat_ornament
D:15:     grunt_enter_depths_magical_seal, layout_long_grid,
          nicolae_concentric_dashed_squares_mild, gammafunk_ghost_tricky_traps,
          grunt_ministairs_12, elyvilon_altar_4, uniq_josephine, uniq_louise
Lair:1:   layout_roguey, serial_rivers, chequers_serial_rivers_micro_b,
          chequers_serial_rivers_small_b, chequers_serial_rivers_room_a,
          chequers_serial_rivers_micro_b, gauntlet_entry_generic,
          grunt_megastairs_3, lemuel_fruit_fields
Lair:2:   layout_concentric_octagons, minmay_shoals_entry_beasts,
          nicolae_lair_lil_pond, gammafunk_lair_bear_cave, serial_bayou_shore_b
Lair:3:   layout_long_grid, spider_nest_entry_web_field,
          infiniplex_staircase_pool_2
Lair:4:   gammafunk_cloud_chamber, layout_layer_cave
Lair:5:   grunt_lair_end_beastmaster, layout_hall_layers,
          minmay_slime_entry_oklob_open, st_stairs_7, serial_bayou_pond_c,
          hellmonk_guarded_unrand_zhor, infiniplex_staircase_pool
Shoals:1: layout_shoals, uniq_aizul
Shoals:2: nzn_motion_control, layout_shoals,
          nicolae_shoals_water_elemental_grotto
Shoals:3: layout_shoals, ebering_ghost_inner_flame
Shoals:4: shoals_end_hellmonk_lost_city
Spider:1: layout_spider_delve, uniq_rupert, uniq_jorgrun
Spider:2: nicolae_spider_mines_3, drop_trap, hangedman_stitches_earthworm
Spider:3: layout_spider_delve, nicolae_spider_webbed_stairs
Spider:4: grunt_spider_rune_parallel, nicolae_spider_rock_and_or_roll
Orc:1:    layout_caves
Orc:2:    st_orc_rangers, layout_caves, special_room,
          hellmonk_bongcloud_opening, statue_in_the_mist_lemuel
Vaults:1: hellmonk_ghost_happy_afterlife, nicolae_vaults_three_branches,
          hangedman_vaults_slice, nicolae_vaults_rhombus_6,
          ontoclasm_vaults_loading_screen, v_alt_pattern_6, v_alt_pattern_2,
          nicolae_vaults_shelves_hall, dpeg_vaults_hating_casters,
          nicolae_vaults_circle_grid_a, nicolae_vaults_alarming,
          layout_vaults_big_room, uniq_nikola
Vaults:2: minmay_crypt_entry_necro_gods, v_alt_pattern_5,
          nicolae_vaults_little_squares_2, vaults_room_fours,
          vaults_room_semicircle, nicolae_vaults_little_squares_3,
          vaults_room_large_hall, vaults_dpeg_diagonal,
          nicolae_vaults_little_squares_4, vaults_dpeg_emergency_exit,
          grunt_vaults_funnel, layout_vaults_quadrants, serial_shops,
          nicolae_shop_window_shopping
Vaults:3: gammafunk_ghost_wrathful_warriors, ontoclasm_vaults_chip,
          hangedman_vaults_maws, hangedman_vaults_slice,
          dpeg_vaults_pockets_of_resistance, v_alt_pattern_4,
          vaults_mumra_minichess, vaults_room_door_ring, vaults_room_fours,
          hangedman_vaults_corner_blocks, vaults_room_ringed_pool,
          ontoclasm_vaults_fault, vaults_room_door_ring, hangedman_vaults_maws,
          v_misc_13, layout_vaults_ring
Vaults:4: hangedman_vaults_stitches, vaults_room_stairs_pillars, v_misc_23,
          v_misc_11, nicolae_vaults_little_squares_5, vaults_room_glass_cross,
          nicolae_vaults_big_angled_halls, v_misc_27, nicolae_vaults_gold_heap,
          v_pattern_2, v_misc_4, v_misc_5, nicolae_vaults_little_squares_3,
          layout_vaults_maze, serial_shops, nicolae_shop_statue_plus
Depths:1: layout_honeycomb, abyss_entry, hell_entry, moated_statue,
          fake_guardian_serpent_vault, serial_bayou_shore_b
Depths:2: minmay_the_grid_octo_triangle [minmay_the_grid_octo_horde,
          minmay_the_grid_octo_prize_star, minmay_the_grid_octo_chip],
          layout_cave_shapes, enter_ziggurat_f, lightli_too_deep, special_room
          [special_room_morgue], infiniplex_staircase_trident, pan_entry,
          kennysheep_path_1, serial_bayou_shore_b, uniq_josephina
Depths:3: minmay_heptahexagon, layout_gridlike, fedhas_altar_fruit_tree,
          pf_hell_entry_tar_river, minmay_room_of_horrors,
          infiniplex_staircase_diamond, uniq_saint_roka
Depths:4: grunt_twist_and_shout, layout_cave_shapes,
          pf_vacation_house_of_asmodeus

Skill      XL: |  1  2  3  4  5  6  7  8  9 10 11 12 13 14 15 16 17 18 19 20 21 |
---------------+----------------------------------------------------------------+-----
Conjurations   | 2 3 9 10 13 15 16 17 18 | 18.0
Spellcasting   | 3 4 5 6 7 10 12 14 15 16 17 | 17.1
Fire Magic     | 4 7 10 | 10.0
Air Magic      | 6 7 |  7.0
Fighting       | 1 5 7 12 | 12.0
Evocations     | 5 10 | 10.0
Poison Magic   | 5 11 12 | 12.0
Transmutations | 7 8 11 | 11.0
Shields        | 10 | 10.0
Earth Magic    | 6 14 16 | 16.1
Summonings     | 9 12 | 12.7
Dodging        | |  1.7
Stealth        | |  1.7

Action                   |  1- 3 |  4- 6 |  7- 9 | 10-12 | 13-15 | 16-18 | 19-21 || total
-------------------------+-------+-------+-------+-------+-------+-------+-------++-------
Melee: Dagger            |    53 |    42 |    16 |    32 |       |       |       ||   143
       Tailslap          |     6 |     3 |     5 |     7 |     7 |    32 |    22 ||    82
       Unarmed           |     2 |       |       |       |       |       |       ||     2
       Punch             |       |     1 |       |     1 |     1 |       |       ||     3
       Staff             |       |       |       |    26 |    32 |   155 |   108 ||   321
 Cast: Foxfire           |    55 |    91 |   172 |   205 |   382 |   495 |   264 ||  1664
       Scorch            |       |    13 |    32 |   125 |   157 |   169 |    57 ||   553
       Inner Flame       |       |       |    22 |   105 |   214 |   264 |   135 ||   740
       Swiftness         |       |       |       |     2 |     1 |       |     2 ||     5
       Olgreb's Toxic Ra |       |       |       |    60 |   159 |   170 |   122 ||   511
       Fulminant Prism   |       |       |       |    25 |    42 |   109 |    36 ||   212
       Irradiate         |       |       |       |       |    36 |    48 |    35 ||   119
       Mephitic Cloud    |       |       |       |       |     5 |       |       ||     5
       Orb of Destructio |       |       |       |       |       |    87 |   172 ||   259
       Iron Shot         |       |       |       |       |       |       |   230 ||   230
       Spellforged Servi |       |       |       |       |       |       |    54 ||    54
       Ignite Poison     |       |       |       |       |       |       |     5 ||     5
 Abil: Evoke Blink       |       |       |       |       |     3 |     8 |     7 ||    18
Evoke: Wand              |       |       |       |     2 |     7 |       |     3 ||    12
       Box of beasts     |       |       |       |       |       |     1 |       ||     1
       Lightning rod     |       |       |       |       |       |     4 |       ||     4
       Condenser vane    |       |       |       |       |       |     1 |     1 ||     2
  Use: Scroll            |       |       |     9 |    22 |    10 |     6 |    15 ||    62
       Potion            |       |       |       |     2 |     8 |    12 |    27 ||    49
 Stab: Sleeping          |     2 |     1 |       |       |       |       |       ||     3
Armor: Skin              |    28 |    15 |    14 |   175 |   154 |   432 |   174 ||   992
Dodge: Dodged            |    49 |    22 |    36 |   197 |   195 |   299 |   171 ||   969
       Repelled          |       |       |       |     1 |    13 |    10 |    10 ||    34
Block: Kite shield       |       |       |       |       |    93 |   377 |   282 ||   752
